 Dungeon Crawl Stone Soup version 0.16-a0-623-g20b2139 (webtiles) character file.

2170 PolkaDot the Summoner (level 9, -2/53 (57) HPs)
             Began as a Vampire Summoner on Sept 18, 2014.
             Was a Follower of Sif Muna.
             Slain by a hobgoblin
             ... wielding a +0 club
              (5 damage)
             ... on Level 8 of the Dungeon.
             The game lasted 00:39:19 (8898 turns).

PolkaDot the Summoner (Vampire Summoner)            Turns: 8898, Time: 00:39:20

HP  -2/53 (57)   AC  3     Str  7      XL: 9   Next: 11%
MP   0/14        EV 12     Int 20      God: Sif Muna [*.....]
Gold 390         SH  0     Dex 14      Spells:  4 memorised,  2 levels left

rFire  + . .     SeeInvis +     f - +0 quarterstaff
rCold  + . .     Clarity  .     a - +0 robe
rNeg   + + .     rCorr    .     (no shield)
rPois  .         rRot     .     (no helmet)
rElec  .         Spirit   +     v - +1 cloak
SustAb .         Warding  .     (no gloves)
rMut   .         Stasis   .     (no boots)
Gourm  .                        k - amulet of guardian spirit
MR     .....                    u - ring of positive energy
                                i - cursed ring of protection from cold

@: very slightly contaminated, not resistant to hostile enchantments, unstealthy
A: bottle blood, fangs 3, see invisible, deformed body, fire resistance 1,
unbreathing
a: Bat Form, Bottle Blood, Channel Energy, Renounce Religion


You were on level 8 of the Dungeon.
You worshipped Sif Muna.
Sif Muna was aware of your devotion.
You were not thirsty.

You visited 2 branches of the dungeon, and saw 9 of its levels.
You also visited: Sewer.

You collected 390 gold pieces.

Inventory:

Hand weapons
 f - a +0 quarterstaff (weapon)
Missiles
 o - 7 tomahawks
 t - 273 stones (quivered)
Armour
 a - a +0 robe (worn)
 v - a +1 cloak (worn)
Magical devices
 m - a wand of draining (1)
 r - a wand of fire (0)
 x - a wand of cold (0)
 A - a wand of confusion (11)
Scrolls
 d - 4 scrolls of teleportation
 g - 2 scrolls of enchant armour
 h - 8 scrolls of remove curse
 j - a scroll of immolation {unknown}
 n - 3 scrolls of amnesia {unknown}
 q - 2 scrolls of recharging {unknown}
 s - a scroll of random uselessness {unknown}
 w - 3 scrolls of identify
 y - a scroll of fear {unknown}
 z - 3 scrolls of enchant weapon {unknown}
 B - a scroll of noise {unknown}
 C - a scroll of fog
Jewellery
 i - a cursed ring of protection from cold (left hand)
 k - an amulet of guardian spirit (around neck)
 u - a ring of positive energy (right hand)
Potions
 l - a potion of restore abilities
 p - a potion of lignification
Books
 b - a book of Callings

   Spells                             Type                      Level
   *Summon Small Mammal               Summoning                    1
   *Call Imp                          Summoning                    2
   *Call Canine Familiar              Summoning                    3
   Summon Guardian Golem              Hexes/Summoning              4
   Summon Lightning Spire             Summoning/Air                4
   *Summon Ice Beast                  Ice/Summoning                4
 c - a Young Poisoner's Handbook

   Spells                             Type                      Level
   Sting                              Conjuration/Poison           1
   Cure Poison                        Poison                       2
   Mephitic Cloud                     Conjuration/Poison/Air       3
   Olgreb's Toxic Radiance            Poison                       4
   Venom Bolt                         Conjuration/Poison           5


   Skills:
 * Level 5.0 Staves
 - Level 2.1 Dodging
 - Level 3.0 Stealth
 - Level 2.0 Spellcasting
 + Level 9.7 Summonings
 + Level 5.1 Ice Magic


You had 2 spell levels left.
You knew the following spells:

 Your Spells              Type           Power        Failure   Level  Hunger
a - Summon Small Mammal   Summ           ####         1%          1    #......
d - Call Canine Familiar  Summ           #####...     1%          3    ###....
i - Summon Ice Beast      Ice/Summ       ####....     10%         4    #####..
s - Call Imp              Summ           #####...     1%          2    ##.....


Dungeon Overview and Level Annotations

Branches:
Dungeon (8/15)             Temple (1/1) D:5
   Lair: D:8-11

Altars:
Cheibriados
Dithmenos
Elyvilon
Fedhas
Kikubaaqudgha
Nemelex Xobeh
Ru
Sif Muna
Trog
Xom
Yredelemnul
Zin


Innate Abilities, Weirdness & Mutations

You can bottle blood from corpses.
You have razor-sharp teeth.
You have supernaturally acute eyesight.
You can survive without breathing.
Armour fits poorly on your strangely shaped body.
Your flesh is heat resistant.


Message History

Throwing (i - inventory. (,) - cycle):
t - 274 stones (quivered)
Press: ? - help, Shift-Dir - straight line, f - hobgoblin
Aim: a hobgoblin, wielding a club You throw a stone.
The stone hits the hobgoblin but does no damage.
The giant gecko moves out of view.
Use which ability? (? or * to list)
You channel some magical energy.
You feel somewhat more thirsty.
A quasit comes into view.
Use which ability? (? or * to list)
You channel some magical energy.
You feel somewhat more thirsty.
The quasit gives a chilling moan.
A giant gecko comes into view.
Casting: Summon Ice Beast
Confirm with . or Enter, or press ? or * to list all spells.
* * * LOW MAGIC WARNING * * *
A black bear comes into view.
Your hound pauses to sniff the ground.
Your hound barely misses the hobgoblin.
The hobgoblin hits you with a club.
You die...

... ..##l###.
......... ..
#....5..##.
###........! .
..........) ...
......h..l##$...
........g#........
#..@........
#..h###.....[.
#.... #.... #.....
... ....... .
#..... #.... ....
.


You could see a black bear, a quasit, 2 giant geckos, a hobgoblin and a friendly
hound.

Vanquished Creatures
  A sky beast (D:7)
  An orc warrior (D:8)
  2 ice beasts
  2 necrophages (D:6)
  A black bear (D:7)
  A crocodile (Sewer)
  A scorpion (D:7)
  Dowan (D:5)
  A crimson imp (D:5)
  A jelly (D:7)
  3 orc priests
  A centaur skeleton (D:7)
  3 hounds
  2 orc wizards
  2 iguanas
  2 worker ants (D:7)
  Ijyb (D:2)
  8 adders
  An orc zombie (D:6)
  A shadow imp (D:5)
  A giant mite (D:7)
  A gnoll skeleton (D:5)
  3 giant geckos
  An ooze (D:1)
  15 orcs
  8 bats
  2 giant cockroaches
  5 goblins
  9 hobgoblins
  4 jackals
  12 kobolds
  A quokka (D:7)
  A ball python (D:1)
  A giant gecko skeleton (D:5)
  4 giant newts
  A hobgoblin skeleton (D:7)
  A jackal zombie (D:6)
  11 rats
  A bush (D:6)
118 creatures vanquished.

Vanquished Creatures (collateral kills)
  Prince Ribbit (D:5)
  Edmund (D:5)
  Menkaure (D:5)
  An ogre (D:6)
  An orc warrior (D:7)
  4 necrophages
  2 centaurs (D:7)
  A sky beast (D:7)
  Duvessa (D:5)
  A giant frog (D:6)
  A scorpion (D:6)
  A hound (D:4)
  2 orc wizards
  3 worker ants
  Terence (D:2)
  4 adders
  A green rat (D:3)
  3 worms (D:2)
  8 orcs
  A ball python (D:5)
  A bat (D:6)
  2 goblins
  2 hobgoblins
  A jackal (Sewer)
  4 kobolds
  A quokka (D:2)
  A giant gecko (D:1)
  A giant newt (D:2)
  3 rats
  2 bushes (D:6)
  2 butterflies (D:5)
59 creatures vanquished.

Vanquished Creatures (others)
  A wolf (D:8)
  2 ice beasts (D:8)
  6 hounds
  3 iron imps
  A shadow imp (D:6)
  A white imp (D:5)
  A bat (D:5)
  9 quokkas
  3 rats
  3 plants (D:6)
30 creatures vanquished.

Grand Total: 207 creatures vanquished

Notes
Turn   | Place    | Note
--------------------------------------------------------------
     0 | D:1      | PolkaDot, the Vampire Summoner, began the quest for the Orb.
     0 | D:1      | Reached XP level 1. HP: 13/13 MP: 3/3
   348 | D:1      | Reached XP level 2. HP: 19/19 MP: 4/4
  1035 | D:2      | Reached skill level 5 in Summonings
  1035 | D:2      | Reached XP level 3. HP: 24/24 MP: 6/6
  1444 | D:2      | Noticed Ijyb
  1467 | D:2      | Killed Ijyb
  1467 | D:2      | Reached XP level 4. HP: 17/30 MP: 1/7
  1710 | D:2      | Reached skill level 6 in Summonings
  1808 | D:2      | Learned a level 3 spell: Call Canine Familiar
  1832 | D:2      | Noticed Terence
  1848 | D:2      | Killed Terence
  2352 | D:3      | Reached XP level 5. HP: 26/35 MP: 7/9
  2404 | D:3      | Found a glowing drain.
  2436 | Sewer    | Entered a sewer
  2592 | Sewer    | Reached skill level 7 in Summonings
  3332 | D:4      | Found a sparkling altar of Nemelex Xobeh.
  3377 | D:4      | Reached XP level 6. HP: 31/41 MP: 6/10
  4118 | D:4      | Learned a level 4 spell: Summon Ice Beast
  4138 | D:5      | Entered Level 5 of the Dungeon
  4142 | D:5      | Noticed Menkaure
  4153 | D:5      | Killed Menkaure
  4315 | D:5      | Reached skill level 8 in Summonings
  4554 | D:5      | Noticed Edmund
  4630 | D:5      | Killed Edmund
  4630 | D:5      | Reached XP level 7. HP: 26/46 MP: 1/12
  4794 | D:5      | Found a staircase to the Ecumenical Temple.
  4800 | Temple   | Entered the Ecumenical Temple
  4804 | Temple   | Became a worshipper of Sif Muna the Loreminder
  4946 | D:5      | Reached skill level 1 in Staves
  5075 | D:5      | Noticed Prince Ribbit
  5134 | D:5      | Learned a level 2 spell: Call Imp
  5153 | D:5      | Killed Prince Ribbit
  5153 | D:5      | Reached skill level 1 in Ice Magic
  5360 | D:5      | Noticed Duvessa
  5362 | D:5      | Noticed Dowan
  5377 | D:5      | Killed Duvessa
  5379 | D:5      | Killed Dowan
  6160 | D:6      | Reached skill level 9 in Summonings
  6381 | D:6      | Found a white marble altar of Elyvilon.
  6450 | D:6      | Acquired Sif Muna's first power
  6831 | D:6      | Reached XP level 8. HP: 20/52 MP: 3/13
  6985 | D:6      | Found a blossoming altar of Fedhas.
  8230 | D:7      | Reached skill level 5 in Ice Magic
  8238 | D:7      | Reached XP level 9. HP: 28/53 MP: 2/14
  8425 | D:7      | Gained mutation: Armour fits poorly on your strangely shaped body. [potion of mutation]
  8425 | D:7      | Gained mutation: Your flesh is heat resistant. [potion of mutation]
  8885 | D:8      | HP: 1/53 [orc wizard/dagger (5)]
  8887 | D:8      | Reached skill level 5 in Staves
  8898 | D:8      | Slain by a hobgoblin

Action                   |  1- 3 |  4- 6 |  7- 9 || total
-------------------------+-------+-------+-------++-------
Melee: Club              |    67 |       |       ||    67
       Unarmed           |     6 |       |       ||     6
       Dagger            |    13 |       |       ||    13
       Short sword       |    34 |    38 |       ||    72
       Flail             |       |   168 |       ||   168
       Quarterstaff      |       |    13 |   264 ||   277
Throw: Stone             |       |    16 |     5 ||    21
 Cast: Summon Small Mamm |    20 |    22 |     3 ||    45
       Call Canine Famil |       |    11 |    18 ||    29
       Call Imp          |       |       |    21 ||    21
       Summon Ice Beast  |       |       |    12 ||    12
Invok: Channel Energy    |       |       |    31 ||    31
Evoke: Wand              |       |     1 |    12 ||    13
  Use: Potion            |     1 |     4 |     5 ||    10
       Scroll            |       |    11 |     4 ||    15
 Stab: Sleeping          |     7 |     7 |     2 ||    16
       Distracted        |     2 |     2 |     3 ||     7
  Eat: Corpse            |    15 |    19 |    27 ||    61
